SAA
IRVING BLUE SOX @ CHESAPEAKE CONTINENTALS
07/09/2023
 
TOP OF THE 1ST
Irving Blue Sox batting - Pitching for Chesapeake Continentals : RHP Logan Gregory
Pitching: RHP Logan Gregory
Batting: RHB Jarred Morgan 0-0: Foul Ball, location: 2F
0-1: Ball
1-1: Fly out, F9 (Flyball, 9M)
Batting: SHB Ricardo Franco 0-0: Foul Ball, location: 2F
0-1: Ball
1-1: Ground out 1-3 (Groundball, 13S)
Batting: LHB Esteban Casillas 0-0: Swinging Strike
0-1: Hit by Pitch
Batting: RHB Arturo Mateo 0-0: Foul Ball, location: 2F
0-1: Ball
1-1: Ball
2-1: Swinging Strike
2-2: Foul Ball, location: 2F
2-2: Foul Ball, location: 2F
2-2: Foul Ball, location: 2F
2-2: Ball
3-2: Ground out 6-3 (Groundball, 6)
Top of the 1st over - 0 run(s), 0 hit(s), 0 error(s), 1 left on base; Irving 0 - Chesapeake 0
BOTTOM OF THE 1ST
Chesapeake Continentals batting - Pitching for Irving Blue Sox : RHP Pat Hunt
Pitching: RHP Pat Hunt
Batting: SHB Vince Barrowcliff 0-0: Ball
1-0: Ball
2-0: Called Strike
2-1: Foul Ball, location: 2F
2-2: Strikes out swinging
Batting: RHB Miguel Cruz 0-0: Ball
1-0: Called Strike
1-1: Ground out 2-3 (Groundball, 2R)
Batting: LHB Arturo Ballina 0-0: Fly out, F5 (Line Drive, 56)
Bottom of the 1st over - 0 run(s), 0 hit(s), 0 error(s), 0 left on base; Irving 0 - Chesapeake 0
TOP OF THE 2ND
Irving Blue Sox batting - Pitching for Chesapeake Continentals : RHP Logan Gregory
Batting: RHB Carlos Maldonado 0-0: Called Strike
0-1: Foul Ball, location: 2F
0-2: Strikes out swinging
Batting: SHB Arnold Cramer 0-0: Called Strike
0-1: Ball
1-1: Swinging Strike
1-2: Strikes out swinging
Batting: RHB Rafael Delgado 0-0: Ball
1-0: Foul Ball, location: 2F
1-1: Ground out U3 (Groundball, 3S)
Top of the 2nd over - 0 run(s), 0 hit(s), 0 error(s), 0 left on base; Irving 0 - Chesapeake 0
BOTTOM OF THE 2ND
Chesapeake Continentals batting - Pitching for Irving Blue Sox : RHP Pat Hunt
Batting: RHB Mike Peterson 0-0: Ball
1-0: Fly out, F3 (Popup, 3F)
Batting: LHB Roberto Sánchez 0-0: Called Strike
0-1: Called Strike
0-2: Ball
1-2: Strikes out swinging
Batting: RHB Ju-chan Pak 0-0: Called Strike
0-1: Ground out 4-3 (Groundball, 4)
Bottom of the 2nd over - 0 run(s), 0 hit(s), 0 error(s), 0 left on base; Irving 0 - Chesapeake 0
TOP OF THE 3RD
Irving Blue Sox batting - Pitching for Chesapeake Continentals : RHP Logan Gregory
Batting: RHB Gilberto Díaz 0-0: Ground out 4-3 (Groundball, 4M)
Batting: LHB Carlos Garza 0-0: Fly out, F7 (Flyball, 78S)
Batting: RHB Jarred Morgan 0-0: Ball
1-0: Ball
2-0: Ball
3-0: Called Strike
3-1: Base on Balls
Batting: SHB Ricardo Franco 0-0: Called Strike
0-1: Ball
1-1: Ball
2-1: Foul Ball, location: 2F
2-2: Strikes out swinging
Top of the 3rd over - 0 run(s), 0 hit(s), 0 error(s), 1 left on base; Irving 0 - Chesapeake 0
BOTTOM OF THE 3RD
Chesapeake Continentals batting - Pitching for Irving Blue Sox : RHP Pat Hunt
Batting: RHB Ken Miller 0-0: Foul Ball, location: 2F
0-1: Ball
1-1: Foul Ball, location: 2F
1-2: Foul Ball, location: 2F
1-2: Strikes out swinging
Batting: RHB Gabriel Guerrero 0-0: Ball
1-0: Ball
2-0: Foul Ball, location: 2F
2-1: Fly out, F4 (Popup, 9LS)
Batting: LHB John Robertson 0-0: Called Strike
0-1: Called Strike
0-2: Ground out 4-3 (Groundball, 34)
Bottom of the 3rd over - 0 run(s), 0 hit(s), 0 error(s), 0 left on base; Irving 0 - Chesapeake 0
TOP OF THE 4TH
Irving Blue Sox batting - Pitching for Chesapeake Continentals : RHP Logan Gregory
Batting: LHB Esteban Casillas 0-0: Ball
1-0: DOUBLE (Flyball, 8LXD)
Batting: RHB Arturo Mateo 0-0: Called Strike
0-1: Fly out, F9 (Flyball, 9S)
Batting: RHB Carlos Maldonado 0-0: Ball
1-0: Ball
2-0: Ball
3-0: Called Strike
3-1: SINGLE (Flyball, 78S)
Esteban Casillas to third
Runner from 3rd tries for Home, SAFE, no throw or cutoff
Batting: SHB Arnold Cramer 0-0: Fly out, F4 (Popup, 6MD)
Batting: RHB Rafael Delgado 0-0: Ball
1-0: Ball
2-0: Ball
3-0: Base on Balls
Carlos Maldonado to second
Batting: RHB Gilberto Díaz 0-0: Called Strike
0-1: Swinging Strike
0-2: Reached on error, E4 (Groundball, 4)
Carlos Maldonado to third
Rafael Delgado to second
Batting: LHB Carlos Garza 0-0: Fly out, F4 (Popup, 4M)
Top of the 4th over - 1 run(s), 2 hit(s), 1 error(s), 3 left on base; Irving 1 - Chesapeake 0
BOTTOM OF THE 4TH
Chesapeake Continentals batting - Pitching for Irving Blue Sox : RHP Pat Hunt
Batting: SHB Vince Barrowcliff 0-0: Ball
1-0: Foul Ball, location: 2F
1-1: Swinging Strike
1-2: SINGLE (Groundball, 34D)
Batting: RHB Miguel Cruz 0-0: Called Strike
0-1: Ball
1-1: Ball
2-1: Fly out, F5 (Popup, 5DF)
Batting: LHB Arturo Ballina 0-0: Swinging Strike
0-1: Ball
1-1: Called Strike
1-2: Ball
2-2: Ground out 4-3 (Groundball, 4M)
Vince Barrowcliff to second
Batting: RHB Mike Peterson 0-0: Ball
1-0: Ball
2-0: Ball
3-0: Called Strike
3-1: Base on Balls
Batting: LHB Roberto Sánchez 0-0: Called Strike
0-1: Foul Ball, location: 2F
0-2: Ball
1-2: Strikes out looking
Bottom of the 4th over - 0 run(s), 1 hit(s), 0 error(s), 2 left on base; Irving 1 - Chesapeake 0
TOP OF THE 5TH
Irving Blue Sox batting - Pitching for Chesapeake Continentals : RHP Logan Gregory
Batting: RHB Jarred Morgan 0-0: DOUBLE (Flyball, 78XD)
Batting: SHB Ricardo Franco 0-0: Ball
1-0: Bunted foul
1-1: Sac Bunt - play at first, batter OUT! 2-4
Jarred Morgan to third
Batting: LHB Esteban Casillas 0-0: Ball
1-0: Swinging Strike
1-1: Ball
2-1: Ground out 4-3 (Groundball, 4)
Batting: RHB Arturo Mateo 0-0: Called Strike
0-1: Foul Ball, location: 2F
0-2: Foul Ball, location: 2F
0-2: Foul Ball, location: 2F
0-2: Ball
1-2: Strikes out looking
Top of the 5th over - 0 run(s), 1 hit(s), 0 error(s), 1 left on base; Irving 1 - Chesapeake 0
BOTTOM OF THE 5TH
Chesapeake Continentals batting - Pitching for Irving Blue Sox : RHP Pat Hunt
Batting: RHB Ju-chan Pak 0-0: Called Strike
0-1: Ball
1-1: Swinging Strike
1-2: Ball
2-2: Ball
3-2: Foul Ball, location: 2F
3-2: Fly out, F8 (Flyball, 8LXD)
Batting: RHB Ken Miller 0-0: Called Strike
0-1: Foul Ball, location: 2F
0-2: SINGLE (Line Drive, 34)
Batting: RHB Gabriel Guerrero 0-0: Foul Ball, location: 2F
0-1: Ball
1-1: Fly out, F8 (Flyball, 8RXD)
Batting: LHB John Robertson 0-0: Foul Ball, location: 2F
0-1: Swinging Strike
0-2: Strikes out swinging
Bottom of the 5th over - 0 run(s), 1 hit(s), 0 error(s), 1 left on base; Irving 1 - Chesapeake 0
TOP OF THE 6TH
Irving Blue Sox batting - Pitching for Chesapeake Continentals : RHP Logan Gregory
Batting: RHB Carlos Maldonado 0-0: Called Strike
0-1: Foul Ball, location: 2F
0-2: Ball
1-2: Ball
2-2: Strikes out swinging
Batting: SHB Arnold Cramer 0-0: Ball
1-0: Ball
2-0: Called Strike
2-1: Foul Ball, location: 2F
2-2: Fly out, F4 (Popup, 4MS)
Batting: RHB Rafael Delgado 0-0: Foul Ball, location: 2F
0-1: Ball
1-1: Ball
2-1: Ball
3-1: Foul Ball, location: 2F
3-2: Base on Balls
Batting: RHB Gilberto Díaz 0-0: Ball
1-0: Called Strike
1-1: Ball
2-1: SINGLE (Groundball, 34D)
Rafael Delgado to second
Runner from 2nd tries for 3rd, OUT!
Top of the 6th over - 0 run(s), 1 hit(s), 0 error(s), 1 left on base; Irving 1 - Chesapeake 0
BOTTOM OF THE 6TH
Chesapeake Continentals batting - Pitching for Irving Blue Sox : RHP Pat Hunt
Batting: SHB Vince Barrowcliff 0-0: Swinging Strike
0-1: Swinging Strike
0-2: Ball
1-2: Strikes out swinging
Batting: RHB Miguel Cruz 0-0: Ball
1-0: Ball
2-0: Ball
3-0: Base on Balls
Batting: LHB Arturo Ballina 0-0: Ball
Wild Pitch!
Miguel Cruz to second
1-0: Ball
2-0: Swinging Strike
2-1: Fly out, F4 (Popup, 4S)
Batting: RHB Mike Peterson 0-0: Called Strike
0-1: Ball
1-1: Swinging Strike
1-2: Ball
2-2: SINGLE (Groundball, 4M)
Miguel Cruz to third
Runner from 3rd tries for Home, SAFE, throw made home
Mike Peterson to second
Batting: LHB Roberto Sánchez 0-0: Ball
1-0: Swinging Strike
1-1: Called Strike
1-2: Ball
2-2: Foul Ball, location: 2F
2-2: Strikes out swinging
Bottom of the 6th over - 1 run(s), 1 hit(s), 0 error(s), 1 left on base; Irving 1 - Chesapeake 1
TOP OF THE 7TH
Irving Blue Sox batting - Pitching for Chesapeake Continentals : RHP Logan Gregory
Batting: LHB Carlos Garza 0-0: Called Strike
0-1: DOUBLE (Line Drive, 89M)
Batting: RHB Jarred Morgan 0-0: Intentional Walk
Batting: SHB Ricardo Franco 0-0: Bunted foul
0-1: Bunted foul
0-2: Grounds into double play, 6-4-3 (Groundball, 6M)
Carlos Garza to third
Pitching: RHP Eddie Singer
Batting: LHB Esteban Casillas 0-0: Called Strike
0-1: SINGLE (Line Drive, 4D)
Carlos Garza scores
Pinch Hitting: RHB Robbie Young 0-0: Ball
1-0: Ball
2-0: Ball
3-0: Called Strike
3-1: Foul Ball, location: 2F
3-2: Base on Balls
Esteban Casillas to second
Batting: RHB Carlos Maldonado 0-0: Swinging Strike
0-1: SINGLE (Line Drive, 78S)
Esteban Casillas to third
Robbie Young to second
Batting: SHB Arnold Cramer 0-0: Called Strike
0-1: Ground out U3 (Groundball, 3L)
Top of the 7th over - 1 run(s), 3 hit(s), 0 error(s), 3 left on base; Irving 2 - Chesapeake 1
BOTTOM OF THE 7TH
Chesapeake Continentals batting - Pitching for Irving Blue Sox : RHP Pat Hunt
Now at 2B: Noah Smith
Batting: RHB Ju-chan Pak 0-0: Foul Ball, location: 2F
0-1: Ball
1-1: Called Strike
1-2: Foul Ball, location: 2F
1-2: Ground out 6-3 (Groundball, 6)
Batting: RHB Ken Miller 0-0: Fly out, F7 (Flyball, 78D)
Batting: RHB Gabriel Guerrero 0-0: Foul Ball, location: 2F
0-1: Foul Ball, location: 2F
0-2: Ball
1-2: Foul Ball, location: 2F
1-2: Foul Ball, location: 2F
1-2: Ball
2-2: Ball
3-2: Base on Balls
Pitching: LHP Chris O'Toole
Pinch Hitting: RHB Gil Nichols 0-0: Called Strike
0-1: Ball
1-1: Ball
Gabriel Guerrero steals 2nd base
2-1: Foul Ball, location: 2F
2-2: DOUBLE (Flyball, 7D)
Gabriel Guerrero scores
Pitching: LHP Gilberto Ramírez
Batting: SHB Vince Barrowcliff 0-0: Called Strike
0-1: Ball
1-1: Ball
2-1: Ball
3-1: Base on Balls
Batting: RHB Miguel Cruz 0-0: Ball
1-0: Swinging Strike
1-1: Ball
2-1: Fly out, F4 (Popup, 4M)
Bottom of the 7th over - 1 run(s), 1 hit(s), 0 error(s), 2 left on base; Irving 2 - Chesapeake 2
TOP OF THE 8TH
Irving Blue Sox batting - Pitching for Chesapeake Continentals : RHP Eddie Singer
Now in LF: Man-u Yi
Pinch Hitting: SHB Mauro Martínez 0-0: Ball
1-0: SINGLE (Groundball, 34D)
Batting: RHB Gilberto Díaz 0-0: Bunted foul
0-1: Sac Bunt - play at first, batter safe!
Mauro Martínez to second
Batting: LHB Carlos Garza 0-0: Foul Ball, location: 2F
0-1: Ball
1-1: Sac Bunt - play at first, batter OUT! 1-4
Mauro Martínez to third
Gilberto Díaz to second
Batting: RHB Jarred Morgan 0-0: Intentional Walk
Pinch Hitting: RHB Christovão Galho 0-0: Swinging Strike
0-1: Ball
1-1: Ball
2-1: Ball
3-1: Called Strike
3-2: Strikes out swinging
Batting: LHB Esteban Casillas 0-0: Ball
1-0: Ball
2-0: Called Strike
2-1: Ball
3-1: Swinging Strike
3-2: Ground out 4-3 (Groundball, 4)
Top of the 8th over - 0 run(s), 2 hit(s), 0 error(s), 3 left on base; Irving 2 - Chesapeake 2
BOTTOM OF THE 8TH
Chesapeake Continentals batting - Pitching for Irving Blue Sox : LHP Gilberto Ramírez
Now at 1B: Daniel Molina
Now in CF: Mauro Martínez
Batting: LHB Arturo Ballina 0-0: Ball
1-0: Called Strike
1-1: Foul Ball, location: 2F
1-2: Ball
2-2: Strikes out looking
Batting: RHB Mike Peterson 0-0: DOUBLE (Line Drive, 7LS)
Batting: LHB Roberto Sánchez 0-0: Called Strike
0-1: Swinging Strike
0-2: Ball
1-2: Strikes out swinging
Batting: RHB Ju-chan Pak 0-0: Called Strike
0-1: Ball
1-1: Ball
2-1: Ball
3-1: Fly out, F9 (Flyball, 89M)
Bottom of the 8th over - 0 run(s), 1 hit(s), 0 error(s), 1 left on base; Irving 2 - Chesapeake 2
TOP OF THE 9TH
Irving Blue Sox batting - Pitching for Chesapeake Continentals : RHP Eddie Singer
Pitching: RHP Godfrey Verbiest
Pinch Hitting: LHB Héctor Martínez 0-0: Called Strike
0-1: Ground out 6-3 (Groundball, 4M)
Batting: RHB Carlos Maldonado 0-0: Ground out 6-3 (Groundball, 6)
Batting: SHB Arnold Cramer 0-0: Ball
1-0: Foul Ball, location: 2F
1-1: Ball
2-1: Swinging Strike
2-2: Foul Ball, location: 2F
2-2: Strikes out swinging
Top of the 9th over - 0 run(s), 0 hit(s), 0 error(s), 0 left on base; Irving 2 - Chesapeake 2
BOTTOM OF THE 9TH
Chesapeake Continentals batting - Pitching for Irving Blue Sox : LHP Gilberto Ramírez
Pitching: RHP Andy Perry
Now at 2B: Jim Unknown
Pinch Hitting: LHB José Estrada 0-0: Ball
1-0: Ball
2-0: Ball
3-0: Called Strike
3-1: Base on Balls
Batting: RHB Gabriel Guerrero 0-0: Sac Bunt - play at first, batter OUT! 5-4
José Estrada to second
Pinch Hitting: SHB Tim Roberts 0-0: Ball
1-0: Fly out, F6 (Flyball, 7LS)
Batting: SHB Vince Barrowcliff 0-0: Foul Ball, location: 2F
0-1: Foul Ball, location: 2F
0-2: Ball
1-2: Strikes out swinging
Bottom of the 9th over - 0 run(s), 0 hit(s), 0 error(s), 1 left on base; Irving 2 - Chesapeake 2
TOP OF THE 10TH
Irving Blue Sox batting - Pitching for Chesapeake Continentals : RHP Godfrey Verbiest
Now in LF: Walter Hurlson
Now in RF: Gustavo Varela
Batting: SHB Mauro Martínez 0-0: Called Strike
0-1: Swinging Strike
0-2: Strikes out swinging
Pinch Hitting: RHB Alfredo Chávez 0-0: Ball
1-0: Ball
2-0: Foul Ball, location: 2F
2-1: Ball
3-1: Base on Balls
Batting: LHB Carlos Garza 0-0: SINGLE (Groundball, 13) (infield hit)
Alfredo Chávez to second
Batting: RHB Jarred Morgan 0-0: Ball
1-0: Foul Ball, location: 2F
1-1: Ball
2-1: Ball
3-1: Swinging Strike
3-2: Base on Balls
Alfredo Chávez to third
Carlos Garza to second
Batting: RHB Daniel Molina 0-0: Foul Ball, location: 2F
0-1: Foul Ball, location: 2F
0-2: Ball
1-2: Ball
2-2: Foul Ball, location: 2F
2-2: SINGLE (Groundball, 6MD)
Alfredo Chávez scores
Carlos Garza to third
Jarred Morgan to second
Runner from 3rd tries for Home, SAFE, no throw or cutoff
Pitching: RHP Jim Unknown
Batting: LHB Esteban Casillas 0-0: Called Strike
0-1: Fly out, F8 (Flyball, 78M)
Batting: RHB Jim Unknown 0-0: Called Strike
0-1: Fielders Choice at 2nd, U6 (Groundball, 6M)
Top of the 10th over - 2 run(s), 2 hit(s), 0 error(s), 2 left on base; Irving 4 - Chesapeake 2
BOTTOM OF THE 10TH
Chesapeake Continentals batting - Pitching for Irving Blue Sox : RHP Andy Perry
Now in CF: Alfredo Chávez
Batting: RHB Miguel Cruz 0-0: Called Strike
0-1: SINGLE (Groundball, 56D)
Batting: LHB Arturo Ballina 0-0: Ball
1-0: Ball
2-0: Called Strike
2-1: Called Strike
2-2: Ball
3-2: Base on Balls
Miguel Cruz to second
Batting: RHB Mike Peterson 0-0: Ball
1-0: Called Strike
1-1: Ball
2-1: Ball
3-1: Base on Balls
Miguel Cruz to third
Arturo Ballina to second
Batting: LHB Roberto Sánchez 0-0: Fly out, F9 (Flyball, 89XD)
Runner from 3rd tags up, SCORES, no throw
Batting: RHB Ju-chan Pak 0-0: Ball
1-0: Ball
2-0: Ball
3-0: Called Strike
3-1: Base on Balls
Arturo Ballina to third
Mike Peterson to second
Pinch Hitting: RHB Scott Allison 0-0: Called Strike
0-1: Fly out, F4 (Popup, 34)
Batting: RHB Gabriel Guerrero 0-0: Foul Ball, location: 2F
0-1: Fly out, F2 (Popup, 2LF)
Bottom of the 10th over - 1 run(s), 1 hit(s), 0 error(s), 3 left on base; Irving 4 - Chesapeake 3
This league is powered by Out of the Park Baseball, the baseball management simulation game for PC, Mac and Linux
Friday, July 8th, 2016 - OOTP Baseball 16.9 Build 39